 Dungeon Crawl Stone Soup version 0.27.1-1-g398f81649c (webtiles) character file.

Game seed: 11965680651124464343

28 Autumnman the Slasher (level 3, 30/35 HPs)
             Began as a Gnoll Berserker on Sept 12, 2021.
             Was a Follower of Trog.
             Quit the game on level 1 of the Dungeon.
             The game lasted 00:02:15 (629 turns).

Autumnman the Slasher (Gnoll Berserker)              Turns: 629, Time: 00:02:15

Health: 30/35      AC:  9    Str: 17    XL:     3   Next: 14%
Magic:  3/3        EV:  8    Int:  6    God:    Trog [*.....]
Gold:   25         SH:  0    Dex: 11    Spells: 3/3 levels left

rFire    . . .     SeeInvis .   a - +0 falchion
rCold    . . .     Faith    .   (no shield)
rNeg     . . .     Spirit   .   c - +0 chain mail
rPois    .         Reflect  .   (no helmet)
rElec    .         Harm     .   (no cloak)
rCorr    .         Rampage  .   (no gloves)
Will     .....                  (no boots)
Stlth    ..........             (no amulet)
HPRegen  0.11/turn              (no ring)
MPRegen  0.08/turn              (no ring)

@: no status effects
A: fangs 1, strong nose, distributed training
a: Renounce Religion, Berserk


You were on level 1 of the Dungeon.
You worshipped Trog.
Trog was aware of your devotion.
You visited 1 branch of the dungeon, and saw 1 of its levels.

You collected 25 gold pieces.

Inventory:

Hand Weapons
 a - a +0 falchion (weapon)
Armour
 b - a +0 animal skin
 c - a +0 chain mail (worn)
Scrolls
 e - a scroll of enchant weapon {unknown}
Potions
 d - a potion of degeneration {unknown}
 f - a potion of brilliance {unknown}
 g - a potion of curing {unknown}
 h - a potion of ambrosia {unknown}


   Skills:
 + Level 6.5 Fighting
 + Level 0.6 Short Blades
 + Level 6.5 Long Blades
 + Level 0.6 Axes
 + Level 0.6 Maces & Flails
 + Level 0.6 Polearms
 + Level 0.6 Staves
 + Level 0.6 Slings
 + Level 0.6 Bows
 + Level 0.6 Crossbows
 + Level 0.6 Throwing
 + Level 4.5 Armour
 + Level 4.5 Dodging
 + Level 0.6 Stealth
 + Level 0.6 Shields
 + Level 0.6 Unarmed Combat
 + Level 0.6 Spellcasting
 + Level 0.4 Conjurations
 + Level 0.4 Hexes
 + Level 0.4 Summonings
 + Level 0.4 Necromancy
 + Level 0.4 Translocations
 + Level 0.4 Transmutations
 + Level 0.4 Fire Magic
 + Level 0.4 Ice Magic
 + Level 0.4 Air Magic
 + Level 0.4 Earth Magic
 + Level 0.4 Poison Magic
 + Level 0.8 Invocations
 + Level 0.6 Evocations


You had 3 spell levels left.
You didn't know any spells.
Your spell library was empty.

Dungeon Overview and Level Annotations

Branches:
Dungeon (1/15)

Altars:


Innate Abilities, Weirdness & Mutations

You have very sharp teeth.
Your uncanny sense of smell can sniff out nearby items.
Your experience applies equally to all skills.


Message History

You see here a ball python corpse.
h - an emerald potion You now have 25 gold pieces (gained 14).
A bat comes into view.
The bat completely misses you.
Drop what? 8/52 slots (_ for help) (? for menu, Esc to quit)
Okay, then.
You hit the bat.
You kill the bat!
Trog accepts your kill.
Okay, then.
You start removing your armour.
You continue taking off your +0 animal skin. x4
You finish taking off your +0 animal skin.
You start putting on your armour.
You continue putting on your +0 chain mail. x5
You finish putting on your +0 chain mail.
A goblin comes into view. It is wielding a +0 club.
A goblin is nearby!
The goblin closely misses you.
You riposte.
You hit the goblin.
You kill the goblin!
Trog accepts your kill.
Things that are here:
a +0 club; a goblin corpse An endoplasm comes into view.
The endoplasm freezes you.
You are frozen.
You hit the endoplasm but do no damage. The endoplasm hits you.
You slash the endoplasm!
You kill the endoplasm!
Trog accepts your kill.
A bat comes into view.
The bat hits you. The bat hits you but does no damage. x2
The bat barely misses you.
You riposte.
You slash the bat!
You kill the bat!
Trog accepts your kill.
You see here a bat corpse.
Unknown command.
Are you sure you want to abandon this character and quit the game? (Confirm with "yes".)

.#..#...†.........#.#
...##.####.#.####.#.#
#...#.# #.#.# #.# #
...##.# #.#.# #.#.#
....#.# #.#.# #.#.#
...#### #.#.# ##.#.#
....# #.#.###....#
...## ####.#..#.....#
....# ..........@...#
...## ####.##.#.†...#
#.#. #.##...##### ###
#.###......# #.#
######.# #.# #.# ###
#.# #.. ##.#


There were no monsters in sight!

Vanquished Creatures
  A dart slug (D:1)
  5 bats (D:1)
  An endoplasm (D:1)
  A giant cockroach (D:1)
  3 goblins (D:1)
  A hobgoblin (D:1)
  4 jackals (D:1)
  3 kobolds (D:1)
  3 ball pythons (D:1)
  2 frilled lizards (D:1)
  A rat (D:1)
25 creatures vanquished.

Notes
Turn   | Place    | Note
-------+----------+-------------------------------------------
     0 | D:1      | Autumnman the Gnoll Berserker began the quest for the Orb.
     0 | D:1      | Reached XP level 1. HP: 23/23 MP: 1/1
   109 | D:1      | Reached XP level 2. HP: 29/29 MP: 2/2
   526 | D:1      | Reached XP level 3. HP: 34/35 MP: 3/3
   629 | D:1      | Quit the game

Illustrated notes

Levels and vault maps discovered:
D:1:      co_arrival_square_in_a_square_in_a_square, layout_loops_ring

Action                   || total
-------------------------++-------
Melee: Falchion          ||    52
       Bite              ||     2
 Stab: Sleeping          ||     2
Armor: Animal skin       ||    11
       Chain mail        ||     2
Dodge: Dodged            ||    44
       Rpst.: Falchion   ||    20
